 Dungeon Crawl Stone Soup version 0.19.0-20-gbc5f0c6 (webtiles) character file.

75 dracos369 the Slasher (level 4, -14/28 HPs)
             Began as a Tengu Abyssal Knight on Nov 17, 2016.
             Was a Believer of Lugonu.
             Demolished by Philosophy's ghost (17 damage)
             ... on level 3 of the Dungeon.
             The game lasted 00:05:37 (1868 turns).

dracos369 the Slasher (Tengu Abyssal Knight)        Turns: 1868, Time: 00:05:38

Health: -14/28     AC:  4    Str: 12    XL:     4   Next: 31%
Magic:  6/6        EV: 12    Int: 13    God:    Lugonu [**....]
Gold:   129        SH:  0    Dex: 14    Spells: 0 memorised, 3 levels left

rFire  . . .     SeeInvis .     a - +1 falchion
rCold  . . .     Gourm    .     b - +0 leather armour
rNeg   . . .     Faith    .     (no shield)
rPois  .         Spirit   .     (helmet restricted)
rElec  .         Reflect  .     (no cloak)
rCorr  .         Harm     .     m - +0 pair of gloves
MR     .....                    (boots unavailable)
Stlth  +.........               (no amulet)
                                (no ring)
                                (no ring)

@: no status effects
A: beak, talons 3
a: Depart the Abyss, Bend Space, Renounce Religion


You were on level 3 of the Dungeon.
You worshipped Lugonu.
Lugonu was pleased with you.
You were not hungry.

You visited 1 branch of the dungeon, and saw 4 of its levels.
You visited the Abyss 1 time.

You collected 129 gold pieces.

Inventory:

Hand Weapons
 a - a +1 falchion (weapon)
Missiles
 f - 7 tomahawks (quivered)
Armour
 b - a +0 leather armour (worn)
 m - a +0 pair of gloves (worn)
Scrolls
 e - 5 scrolls of identify {unknown}
 i - a scroll of enchant weapon {unknown}
 j - a scroll of remove curse {unknown}
 o - a scroll of amnesia {unknown}
 p - a scroll of teleportation {unknown}
Potions
 g - a potion of haste {unknown}
 k - 3 potions of berserk rage {unknown}
 l - a potion of cancellation {unknown}
Comestibles
 c - 3 bread rations
 h - 4 fruits
 n - a beef jerky


   Skills:
 - Level 3.0 Fighting
 + Level 4.7 Long Blades
 - Level 2.1 Armour
 - Level 1.5 Dodging
 - Level 1.5 Invocations


You had 3 spell levels left.
You didn't know any spells.

Dungeon Overview and Level Annotations

Branches:
Dungeon (4/15)
 Temple: D:4-7

Altars:
Elyvilon
Makhleb
Sif Muna
Yredelemnul

Annotations:
D:3 Philosophy's ghost, amateur HOFi


Innate Abilities, Weirdness & Mutations

You have a beak for a mouth.
You have claws for feet.


Message History

There is a stone staircase leading up, spattered with blood here.
Press: ? - help, v - describe, . - travel
Here: Philosophy's ghost The floor.
You hit Philosophy's ghost.
You peck Philosophy's ghost, but do no damage.
Philosophy's ghost is lightly damaged.
Philosophy's ghost misses you.
You riposte.
You hit Philosophy's ghost.
You claw Philosophy's ghost, but do no damage.
You peck Philosophy's ghost.
Philosophy's ghost is lightly damaged.
You hit Philosophy's ghost. Your kick misses Philosophy's ghost.
Philosophy's ghost is moderately damaged.
Philosophy's ghost hits you!
Ouch! That really hurt!
* * * LOW HITPOINT WARNING * * *
Philosophy's ghost barely misses you. Philosophy's ghost hits you!
Ouch! That really hurt!
You die...

#.## ##+## ..# #...# ###.#
#...# #'#.. ..#.###...#
#.#.# #.#..###.###
####'#'## #.#........#####
.......# #.#............#
.....
#..####.....)........# ...
#....@.._.#.##'#.....# #W#
#.####W...#..#.#.....# #.#
......#.##.#.#.....# #.#
#######.##.#.#.....# #.#
..##...#[....#
#.################..#..[..#
#...................#.....#
###########........>#.....#
#.#..............


You could see Philosophy's ghost.

Vanquished Creatures
  2 adders
  An ooze (D:2)
  A worm (D:2)
  2 dart slugs (D:1)
  3 leopard geckos (D:2)
  2 giant cockroaches
  3 hobgoblins
  A quokka (D:2)
  9 bats
  3 frilled lizards
  7 goblins
  4 kobolds
  7 rats
45 creatures vanquished.

Notes
Turn   | Place    | Note
-------+----------+-------------------------------------------
     0 | Abyss:1  | dracos369 the Tengu Abyssal Knight began the quest for the Orb.
     0 | Abyss:1  | Reached XP level 1. HP: 14/14 MP: 3/3
    15 | D:1      | Escaped the Abyss
   141 | D:1      | Reached XP level 2. HP: 13/19 MP: 4/4
   153 | D:1      | Reached skill level 3 in Long Blades
   351 | D:1      | Reached ** piety under Lugonu
   594 | D:1      | Reached XP level 3. HP: 22/23 MP: 5/5
   865 | D:2      | Reached skill level 4 in Long Blades
   970 | D:2      | Found a basalt altar of Yredelemnul.
  1149 | D:2      | Found a white marble altar of Elyvilon.
  1262 | D:2      | Reached XP level 4. HP: 28/28 MP: 6/6
  1389 | D:3      | Found a burning altar of Makhleb.
  1447 | D:3      | Found a deep blue altar of Sif Muna.
  1482 | D:3      | Noticed Philosophy's ghost (amateur HOFi)
  1868 | D:3      | Demolished by Philosophy's ghost

Skill      XL: |  1  2  3 |
---------------+----------+-----
Long Blades    | 3 4 |  4.7
Fighting       | |  3.0
Armour         | |  2.1
Dodging        | |  1.5
Invocations    | |  1.5

Action                   |  1- 3 |  4- 6 || total
-------------------------+-------+-------++-------
Melee: Falchion          |    80 |    14 ||    94
       Peck              |    13 |     3 ||    16
       Kick              |    21 |     4 ||    25
  Eat: Chunk             |     1 |     2 ||     3
Armor: Leather armour    |    20 |     5 ||    25
Dodge: Dodged            |    53 |    13 ||    66
       Rpst.: Falchion   |    16 |     5 ||    21
